 Dungeon Crawl Stone Soup version 0.23-a0-470-g6f7cfd9 (webtiles) character file.

1330 Lavandula the Ducker (level 8, 0/69 HPs)
             Began as a Naga Air Elementalist on Nov 26, 2018.
             Was an Initiate of Ru.
             Slain by a killer bee (9 damage)
             ... on level 7 of the Dungeon.
             The game lasted 00:20:49 (2853 turns).

Lavandula the Ducker (Naga Air Elementalist)        Turns: 2853, Time: 00:20:49

Health: 0/69       AC:  9    Str: 12      XL:     8   Next: 60%
Magic:  16/30      EV: 12    Int: 26      God:    Ru [......]
Gold:   213        SH:  0    Dex:  9 (11) Spells: 3/13 levels left

rFire    + . .     SeeInvis +   x - +4 scythe of the Girdle {elec, rN+ MR- MP+9 Int+4}
rCold    + . .     Gourm    .   (shield currently unavailable)
rNeg     + . .     Faith    .   a - +0 robe
rPois    +         Spirit   .   (no helmet)
rElec    .         Reflect  .   i - scarf {rC+ rF+}
rCorr    .         Harm     .   (no gloves)
MR       .....                  (no barding)
Stlth    ++........             (no amulet)
HPRegen  0.21/turn              D - +6 ring of protection
MPRegen  0.22/turn              k - ring of magical power

@: brilliant, very slow
A: large, see invisible, deformed body, poison resistance, slowness 2, slow
metabolism 1, spit poison 1, AC +2
a: Spit Poison, Renounce Religion


You were on level 7 of the Dungeon.
You worshipped Ru.
Ru was noncommittal.
You were very hungry.

You visited 2 branches of the dungeon, and saw 9 of its levels.
You also visited: Ossuary.

You collected 213 gold pieces.

Inventory:

Hand Weapons
 p - a +0 dagger of pain
 r - a +0 quarterstaff
 x - the +4 scythe of the Girdle (weapon) {elec, rN+ MR- MP+9 Int+4}
   (You took it off an orc on level 5 of the Dungeon)

   Occasionally, upon striking a foe, it will discharge some electrical energy
   and cause terrible harm.
   It affects your intelligence (+4).
   It protects you from negative energy.
   It affects your resistance to hostile enchantments.
   It affects your magic capacity (+9).
 C - a +1 whip of electrocution
Armour
 a - a +0 robe (worn)
 i - a scarf of resistance (worn)
 y - the +6 scale mail of the Eagle {+Inv Str+4 Stlth-, unknown}
   (You found it on level 6 of the Dungeon)

   It affects your strength (+4).
   It lets you turn invisible.
   It makes you less stealthy.
Jewellery
 d - a +2 ring of protection
 k - a ring of magical power (right hand)
 D - a +6 ring of protection (left hand)
Wands
 u - a wand of clouds (7)
Scrolls
 b - a scroll of magic mapping
 e - 2 scrolls of teleportation
 g - 3 scrolls of blinking
 h - a scroll of immolation {unknown}
 j - 3 scrolls of identify {unknown}
 n - 2 scrolls of remove curse {unknown}
 s - a scroll of vulnerability {unknown}
 v - a scroll of noise {unknown}
 A - a scroll of random uselessness {unknown}
Potions
 f - 2 potions of brilliance
 l - a potion of degeneration {unknown}
 m - 4 potions of curing
 o - 2 potions of haste {unknown}
 q - 2 potions of heal wounds {unknown}
 t - a potion of invisibility {unknown}
 w - a potion of flight {unknown}
 B - a potion of magic {unknown}
Comestibles
 c - 8 rations
 z - 2 chunks of flesh


   Skills:
 - Level 3.0 Fighting
 + Level 6.7 Dodging
 - Level 3.0 Stealth
 - Level 3.0 Spellcasting
 - Level 1.0 Conjurations
 - Level 5.9 Air Magic


You had 3 spell levels left.
You knew the following spells:

 Your Spells              Type           Power        Failure   Level  Hunger
a - Shock                 Conj/Air       ####         1%          1    None
b - Airstrike             Air            ######....   1%          4    ####...
c - Swiftness             Chrm/Air       ####....     1%          2    ##.....
d - Static Discharge      Conj/Air       #####...     1%          3    ###....

Your spell library contained the following spells:

 Spells                   Type           Power        Failure   Level  Hunger
 Corona                   Hex            ###....      1%          1    None
 Ensorcelled Hibernation  Hex/Ice        ###...       1%          2    ##.....
 Dazzling Spray           Conj/Hex       ###...       2%          3    ###....
 Confuse                  Hex            ###.....     3%          3    ###....
 Tukima's Dance           Hex            ###.....     3%          3    ###....
 Lightning Bolt           Conj/Air       #####.....   8%          5    ######.


Dungeon Overview and Level Annotations

Branches:
Dungeon (8/15)             Temple (1/1) D:5
   Lair: D:8-11

Altars:
Ashenzari
Cheibriados
Dithmenos
Elyvilon
Fedhas
Hepliaklqana
Makhleb
Nemelex Xobeh
Okawaru
Qazlal
Ru
Sif Muna
Trog
Uskayaw
Vehumet
Wu Jian
Xom
Yredelemnul
Zin
The Shining One

Annotations:
D:5 1 runed door, tilp's ghost, novice MfIE


Innate Abilities, Weirdness & Mutations

You cannot wear boots.
Your serpentine skin is tough. (AC +2)
You have supernaturally acute eyesight. (SInv)
Armour fits poorly on your strangely shaped body.
Your system is resistant to poisons. (rPois)
You cover ground very slowly.
You have a slow metabolism.
You can spit poison.


Message History

The killer bee stings you. The killer bee stings you!
* * * LOW HITPOINT WARNING * * *
The killer bee closely misses you.
The killer bee stings you but does no damage.
The killer bee barely misses you. x2; The killer bee stings you.
* * * LOW HITPOINT WARNING * * *
The killer bee stings you but does no damage.
Unknown command.
Unknown command.
It was a potion of curing.
You feel better.
The killer bee stings you but does no damage. x2
The killer bee barely misses you. The killer bee stings you!
* * * LOW HITPOINT WARNING * * *
The killer bee misses you. The killer bee barely misses you. x2
The killer bee completely misses you.
Unknown command.
It was a potion of brilliance.
You feel clever all of a sudden. The killer bee stings you!
You die...

# ####### .# #...... #.#
.......#######..#
........##......###..
.....#..........#....
..........y............
..........@y......^....
#..>.....y.y...........
#.....................#
#.................)...#
.....................##
.......................
................>.......
.........................
................###......


You could see 4 killer bees.

Vanquished Creatures
  Prince Ribbit (D:5)
  2 ogres (D:4)
  A wyvern skeleton (D:5)
  A scorpion (D:6)
  A howler monkey (D:6)
  A crimson imp (D:5)
  A bullfrog zombie (D:2)
  2 orc priests
  A hound (D:5)
  A quasit (D:7)
  2 worker ants (D:5)
  10 orc wizards
  2 big kobold zombies (Ossuary)
  A hound skeleton (D:5)
  A mummy (Ossuary)
  3 gnolls (D:5)
  6 adders
  2 shadow imps
  A worm (D:5)
  A dart slug (D:5)
  3 leopard geckos
  27 orcs
  4 spectral bats (Ossuary)
  5 giant cockroaches
  4 goblins
  4 hobgoblins
  6 jackals (D:5)
  A quokka (D:4)
  2 bats
  5 bat simulacra (Ossuary)
  3 frilled lizards
  A gnoll zombie (Ossuary)
  6 goblin simulacra (Ossuary)
  3 goblin zombies (Ossuary)
  3 hobgoblin zombies (Ossuary)
  3 kobolds
  2 kobold simulacra (Ossuary)
  5 kobold zombies (Ossuary)
  4 orc zombies (Ossuary)
  4 rats
  5 rat simulacra (Ossuary)
  5 spectral goblins (Ossuary)
  A spectral kobold (Ossuary)
147 creatures vanquished.

Notes
Turn   | Place    | Note
-------+----------+-------------------------------------------
     0 | D:1      | Lavandula the Naga Air Elementalist began the quest for the
                  | Orb.
     0 | D:1      | Reached XP level 1. HP: 15/15 MP: 3/3
   175 | D:2      | Reached XP level 2. HP: 20/22 MP: 2/5
   267 | D:2      | Reached XP level 3. HP: 23/28 MP: 1/7
   381 | D:1      | Reached XP level 4. HP: 35/36 MP: 4/8
   560 | D:2      | Learned a level 4 spell: Airstrike
   741 | D:4      | Reached skill level 5 in Air Magic
   741 | D:4      | Reached XP level 5. HP: 5/42 MP: 2/9
   879 | D:4      | Found a sand-covered staircase.
   899 | Ossuary  | Entered an ossuary
  1032 | Ossuary  | Reached skill level 1 in Fighting
  1032 | Ossuary  | Reached XP level 6. HP: 35/51 MP: 10/10
  1505 | D:5      | Entered Level 5 of the Dungeon
  1514 | D:4      | Reached skill level 2 in Dodging
  1514 | D:4      | Reached XP level 7. HP: 13/62 MP: 11/11
  1630 | D:5      | Found a runed door.
  1634 | D:5      | Noticed tilp's ghost (novice MfIE)
  1640 | D:5      | Found a hide-covered altar of Uskayaw.
  1728 | D:5      | Reached skill level 3 in Dodging
  1732 | D:5      | Learned a level 2 spell: Swiftness
  1736 | D:5      | Learned a level 3 spell: Static Discharge
  1988 | D:5      | Reached skill level 4 in Dodging
  2134 | D:5      | Noticed Prince Ribbit
  2145 | D:5      | Killed Prince Ribbit
  2145 | D:5      | Reached skill level 5 in Dodging
  2145 | D:5      | Reached XP level 8. HP: 35/69 MP: 8/12
  2297 | D:5      | Found a staircase to the Ecumenical Temple.
  2303 | Temple   | Entered the Ecumenical Temple
  2356 | Temple   | Became a worshipper of Ru the Awakened
  2403 | D:5      | Identified the +4 scythe of the Girdle {elec, rN+ MR- MP+9
                  | Int+4}
  2524 | D:6      | Got a sapphire-encrusted scale mail
  2539 | D:6      | Reached skill level 6 in Dodging
  2853 | D:7      | Slain by a killer bee

Vault maps used:
D:1:      minmay_arrival_split_and_join
D:2:      first_ration
D:3:      st_stairs_2, uniq_sigmund
D:4:      chequers_ossuary_entry_cave
D:5:      temple_fountains, basic_altar, gammafunk_ghost_grave,
          uniq_prince_ribbit1
D:8:      lemuel_doored_altar, due_lair_maze_entry_diamond, uniq_grum
Temple:   regret_index_temple_sigil_plot
Ossuary:  ossuary_zaba_two_paths

Skill      XL: |  1  2  3  4  5  6  7  8 |
---------------+-------------------------+-----
Spellcasting   | 3 |  3.0
Air Magic      | 4 5 |  5.9
Fighting       | 1 3 |  3.0
Dodging        | 2 5 6 |  6.7
Stealth        | |  3.0
Conjurations   | |  1.0

Action                   |  1- 3 |  4- 6 |  7- 9 || total
-------------------------+-------+-------+-------++-------
Melee: Dagger            |       |     1 |       ||     1
       Quarterstaff      |       |    45 |    15 ||    60
       Scythe            |       |       |    51 ||    51
 Cast: Shock             |    17 |    84 |    95 ||   196
       Airstrike         |       |       |     8 ||     8
       Swiftness         |       |       |     1 ||     1
       Static Discharge  |       |       |     6 ||     6
 Abil: Spit Poison       |    14 |    21 |    41 ||    76
  Use: Scroll            |       |     2 |     2 ||     4
       Potion            |       |       |     2 ||     2
 Stab: Sleeping          |       |     2 |     1 ||     3
  Eat: Chunk             |       |     3 |     8 ||    11
Armor: Robe              |     2 |    37 |    56 ||    95
Dodge: Dodged            |     8 |    51 |   123 ||   182

Table legend:
 A = Non-vault XP
 B = Vault XP
 C = Vault XP percentage of total XP
 D = Non-vault monster count
 E = Vault monster count
 F = Vault count percentage of total count
                 A         B        C        D         E       F
            +---------+---------+-------+---------+---------+-------
      Total |    1481 |     420 |  22.1 |      99 |      48 |  32.7
            +---------+---------+-------+---------+---------+-------
        D:1 |      28 |       0 |   0.0 |      16 |       0 |   0.0
        D:2 |      80 |       0 |   0.0 |       9 |       0 |   0.0
        D:3 |       1 |       0 |   0.0 |       1 |       0 |   0.0
        D:4 |     395 |       0 |   0.0 |      12 |       0 |   0.0
        D:5 |     491 |     296 |  37.6 |      38 |       1 |   2.6
        D:6 |     444 |       0 |   0.0 |      22 |       0 |   0.0
        D:7 |      42 |       0 |   0.0 |       1 |       0 |   0.0
    Ossuary |       0 |     124 | 100.0 |       0 |      47 | 100.0
            +---------+---------+-------+---------+---------+-------
